 Dungeon Crawl Stone Soup version 0.14-a0-1663-g0b35444 (webtiles) character file.

1374 Nicoed the Protected (level 8, -7/70 HPs)
             Began as a Minotaur Berserker on Dec 29, 2013.
             Was a High Priest of Trog.
             Succumbed to a scorpion's poison
             ... on Level 5 of the Dungeon.
             The game lasted 00:30:56 (3860 turns).

Nicoed the Protected (Minotaur Berserker)           Turns: 3860, Time: 00:30:56

HP  -7/70        AC 16     Str 25      XL: 8   Next: 28%
MP   3/3         EV  6     Int  4      God: Trog [*****.]
Gold 106         SH  0     Dex  9      Spells:  0 memorised,  7 levels left

rFire  . . .     SeeInvis .     a - +0 hand axe
rCold  . . .     Clarity  .     c - +0 plate armour
rNeg   . . .     Conserve .     (no shield)
rPois  .         rCorr    .     m - +0 cap
rElec  .         rRot     .     B - +1 dwarf cloak
SustAb . .       Spirit   .     (no gloves)
rMut   .         Warding  .     (no boots)
Saprov . . .     Stasis   .     (no amulet)
                                q - ring of regeneration
                                g - ring of regeneration

@: extremely poisoned, slightly resistant to hostile enchantments, extremely
unstealthy
A: retaliatory headbutt, horns 2
a: Burn Spellbooks, Berserk, Trog's Hand, Brothers in Arms, Renounce Religion


You were on level 5 of the Dungeon.
You worshipped Trog.
Trog was extremely pleased with you.
You were near starving.

You visited 1 branch of the dungeon, and saw 5 of its levels.

You collected 158 gold pieces.
You spent 52 gold pieces at shops.

Inventory:

Hand weapons
 a - a +0,+0 hand axe (weapon)
 s - a +2,+3 falchion of electrocution
 y - a +4,+2 quick blade
Missiles
 z - a tomahawk (quivered)
Armour
 c - a +0 plate armour (worn)
 m - a +0 cap (worn)
 B - a +1 dwarven cloak (worn)
Magical devices
 o - a wand of frost (4)
 C - a wand of digging (10) {unknown}
Comestibles
 v - a honeycomb
 x - a royal jelly
Scrolls
 d - a scroll of teleportation
 h - a scroll of curse jewellery
 j - 5 scrolls of remove curse
 p - a scroll of enchant armour
 r - a scroll of curse armour
 D - a scroll of identify
 E - a scroll of recharging {unknown}
Jewellery
 g - a ring of regeneration (left hand)
 q - a ring of regeneration (right hand)
 t - an uncursed ring of wizardry {unknown}
Potions
 b - a potion of heal wounds
 f - a potion of paralysis
 i - 2 potions of curing
 k - 2 potions of agility
 l - 2 potions of resistance
 n - a potion of confusion
 u - a potion of speed {unknown}
Books
 A - a book of Alchemy

   Spells                             Type                      Level
   Lethal Infusion                    Charms/Necromancy            2
   Sublimation of Blood               Necromancy                   2
   Condensation Shield                Ice                          4
   Alistair's Intoxication            Transmutation/Poison         4
   Petrify                            Transmutation/Earth          4
   Ignite Poison                      Fire/Transmutation           5
   Trog disapproves of the use of such an item.
Miscellaneous
 e - a plain deck of changes
 w - a crystal ball of energy


   Skills:
 * Level 6.3 Fighting
 + Level 0.5 Long Blades
 - Level 6.0 Axes
 + Level 8.2 Armour
 * Level 5.2 Dodging
 + Level 1.0 Stealth


You had 7 spell levels left.
You didn't know any spells.

Dungeon Overview and Level Annotations

Branches:
Dungeon (5/16)
 Temple: D:4-7

Altars:
Nemelex Xobeh
Trog
Zin
the Shining One

Shops:
D:4 *

Annotations:
D:3 !


Innate Abilities, Weirdness & Mutations

You reflexively headbutt those who attack you in melee.
You have a pair of horns on your head.


Message History

You kill the scorpion!
Trog accepts your kill.
* * * LOW HITPOINT WARNING * * *
You feel sick.
* * * LOW HITPOINT WARNING * * *
You feel extremely sick.
You offer a prayer to Trog.
Trog is extremely pleased with you.
* * * LOW HITPOINT WARNING * * *
You feel sick.
You see here a scorpion corpse.
You offer a prayer to Trog.
The scorpion corpse is consumed in a column of flame.
Trog is extremely pleased with you.
* * * LOW HITPOINT WARNING * * *
You feel sick.
* * * LOW HITPOINT WARNING * * *
You feel very sick.
You start resting.
You die...

#..###....# #....
#...#....## #####
###....###..###
?.? ##
#.#...##......#
#...
..#.##.##..##.###
#### .f.####.###.#
#.####^# #..
#..##..# ####
##@#..##### #
#....##...#### ##
#...#...###......#
#. #.).....#
#.#.##)# #.
###....##
#.#.##.#####.
.......#
#.#..........
#f.....##
#<####.######
#f...f.# #......#
##f..## ########


There were no monsters in sight!

Vanquished Creatures
  A black bear (D:4)
  2 phantoms
  3 ogres (D:4)
  An orc warrior (D:4)
  A giant frog (D:4)
  A quasit (D:4)
  A giant frog skeleton (D:4)
  An orc priest (D:4)
  7 scorpions (D:5)
  2 worker ants (D:4)
  3 orc wizards (D:4)
  Jessica (D:3)
  5 adders
  2 giant mites
  A worm (D:3)
  An adder skeleton (D:4)
  5 giant geckos
  An ooze (D:1)
  11 orcs
  2 giant cockroaches
  9 goblins
  6 hobgoblins
  6 jackals
  4 quokkas
  11 bats
  A giant gecko skeleton (D:5)
  A giant gecko zombie (D:4)
  4 giant newts
  8 kobolds
  20 rats
  5 fungi (D:5)
127 creatures vanquished.

Notes
Turn   | Place    | Note
--------------------------------------------------------------
     0 | D:1      | Nicoed, the Minotaur Berserker, began the quest for the Orb.
     0 | D:1      | Reached XP level 1. HP: 19/19 MP: 1/1
   208 | D:1      | Reached skill level 4 in Axes
   326 | D:1      | Reached XP level 2. HP: 21/27 MP: 1/1
   485 | D:1      | Acquired Trog's second power
   745 | D:1      | Reached XP level 3. HP: 33/33 MP: 2/2
  1263 | D:3      | Reached XP level 4. HP: 33/41 MP: 2/2
  1275 | D:3      | Found a sparkling altar of Nemelex Xobeh.
  1341 | D:3      | Noticed Jessica
  1587 | D:3      | Noticed a phantom
  1651 | D:3      | Killed a phantom
  1651 | D:3      | Reached XP level 5. HP: 47/47 MP: 2/2
  2009 | D:3      | Noticed a moth of wrath
  2012 | D:3      | Found a bloodstained altar of Trog.
  2030 | D:3      | Acquired Trog's third power
  2171 | D:3      | Killed Jessica
  2327 | D:4      | Noticed an ogre
  2335 | D:4      | Killed an ogre
  2335 | D:4      | Reached skill level 5 in Axes
  2335 | D:4      | Reached XP level 6. HP: 18/53 MP: 3/3
  2442 | D:4      | Noticed an ogre
  2452 | D:4      | Killed an ogre
  2452 | D:4      | Reached skill level 5 in Armour
  2452 | D:4      | Reached skill level 1 in Stealth
  2597 | D:4      | Found Arriep's General Store.
  2614 | D:4      | Bought a meat ration for 52 gold pieces
  2690 | D:4      | Noticed a phantom
  2712 | D:4      | Killed a phantom
  2722 | D:4      | Reached XP level 7. HP: 57/60 MP: 3/3
  2739 | D:4      | Noticed an orc warrior
  2752 | D:4      | Reached skill level 6 in Armour
  2765 | D:4      | Killed an orc warrior
  2765 | D:4      | Reached skill level 5 in Fighting
  3017 | D:4      | Found a glowing golden altar of the Shining One.
  3066 | D:4      | Noticed a black bear
  3082 | D:4      | Killed a black bear
  3082 | D:4      | Reached skill level 7 in Armour
  3399 | D:4      | Noticed an ogre
  3407 | D:4      | Killed an ogre
  3407 | D:4      | Reached XP level 8. HP: 32/70 MP: 3/3
  3447 | D:5      | Entered Level 5 of the Dungeon
  3613 | D:5      | Reached skill level 8 in Armour
  3613 | D:5      | Reached skill level 5 in Dodging
  3676 | D:5      | Found a glowing silver altar of Zin.
  3859 | D:5      | HP: 3/70 [poisoned by a scorpion]
  3860 | D:5      | Succumbed to a scorpion's poison

Action                   |  1- 3 |  4- 6 |  7- 9 || total
-------------------------+-------+-------+-------++-------
Melee: Hand axe          |    95 |   108 |   139 ||   342
       Falchion          |       |       |    39 ||    39
       Quick blade       |       |       |    42 ||    42
Evoke: Wand              |       |     1 |     2 ||     3
  Use: Scroll            |     7 |     3 |     2 ||    12
       Potion            |       |       |     3 ||     3
 Stab: Held in net/web   |       |       |     1 ||     1
